 Dungeon Crawl Stone Soup version 0.25-a0-317-g5f8687bca5 (webtiles) character file.

Game seed: 8802671064788314125, levelgen mode: classic

114585 Borgoz the Bludgeoner (level 16, -2/104 HPs)
             Began as a Gargoyle Fighter on Dec 25, 2019.
             Was a High Priest of Ashenzari.
             Slain by a four-headed hydra (6 damage)
             ... on level 3 of the Swamp.
             The game lasted 00:41:09 (22825 turns).

Borgoz the Bludgeoner (Gargoyle Fighter)           Turns: 22825, Time: 00:41:10

Health: -2/104     AC: 37    Str: 21    XL:     16   Next: 66%
Magic:  19/19      EV: 12    Int: 10    God:    Ashenzari [*****.]
Gold:   1275       SH: 11    Dex: 14    Spells: 11/15 levels left

rFire    + . .     SeeInvis +   l - +10 morningstar of Sejur {vamp, *Slow rPois Stlth+} (curse)
rCold    . . .     Gourm    .   m - +0 shield
rNeg     + . .     Faith    .   d - +3 plate armour {rF+}
rPois    ∞         Spirit   .   R - +2 hat
rElec    +         Reflect  .   t - +0 cloak
rCorr    +         Harm     .   G - +0 pair of gloves
MR       +....     Clarity  +   u - +0 pair of boots (curse)
Stlth    ..........             j - amulet of rage (curse)
HPRegen  0.27/turn              A - +3 ring of slaying
MPRegen  0.16/turn              r - ring of resist corrosion

@: marked, flying
A: big wings, negative energy resistance 1, electricity resistance, unbreathing,
petrification resistance, rot immunity, AC +12
a: Stop Flying, Curse Item, Scrying, Transfer Knowledge, Renounce Religion,
Evoke Berserk Rage


You were on level 3 of the Swamp.
You worshipped Ashenzari.
Ashenzari was extremely pleased with you.
You were hungry.

You visited 5 branches of the dungeon, and saw 27 of its levels.

You collected 2362 gold pieces.
You spent 1087 gold pieces at shops.

Inventory:

Hand Weapons
 l - the cursed +10 morningstar of Sejur (weapon) {vamp, *Slow rPois Stlth+}
   (You bought it in a shop on level 4 of the Dungeon)

   It inflicts no extra harm, but heals its wielder when it wounds a living foe.
   It protects you from poison.
   It may slow you when you take damage.
   It makes you more stealthy.
   It has a curse placed upon it.
Armour
 d - a +3 plate armour of fire resistance (worn)
 m - a +0 shield (worn)
 t - a +0 cloak (worn)
 u - a cursed +0 pair of boots (worn)
 x - a +0 chain mail of cold resistance
 G - a +0 pair of gloves (worn)
 R - a +2 hat (worn)
Jewellery
 j - a cursed amulet of rage (around neck)
 r - a ring of resist corrosion (right hand)
 s - an uncursed ring of fire
 A - a +3 ring of slaying (left hand)
 B - an uncursed ring of protection from fire
Wands
 c - a wand of scattershot (4)
 v - a wand of paralysis (18)
 w - a wand of digging (4)
 F - a wand of iceblast (8)
 L - a wand of disintegration (13)
 M - a wand of acid (12)
Scrolls
 a - a scroll of enchant armour
 h - 14 scrolls of remove curse
 n - a scroll of identify
 o - a scroll of amnesia
 y - 4 scrolls of summoning
 z - 3 scrolls of fear
 H - 2 scrolls of blinking
 J - 6 scrolls of magic mapping
 K - 4 scrolls of teleportation
Potions
 b - 3 potions of resistance
 e - 3 potions of ambrosia
 g - 2 potions of cancellation
 i - 5 potions of curing
 k - 3 potions of agility
 p - 2 potions of might
 q - a potion of haste
 N - a potion of berserk rage
 Q - 4 potions of heal wounds
Comestibles
 f - 50 rations


   Skills:
 + Level 13.4 Fighting
 * Level 16.2(19.6) Maces & Flails
 + Level 13.5 Armour
 * Level 12.7 Dodging
 + Level 7.8 Shields
 + Level 4.5 Evocations


You had 11 spell levels left.
You knew the following spells:

 Your Spells              Type           Power        Failure   Level  Hunger
a - Confusing Touch       Hex            #.....       100%        1    ##.....
b - Confuse               Hex            #.......     100%        3    ####...

Your spell library contained the following spells:

 Spells                   Type           Power        Failure   Level  Hunger
 Animate Skeleton         Necr           N/A          100%        1    ##.....
 Apportation              Tloc           #.....       100%        1    ##.....
 Summon Small Mammal      Summ           #...         100%        1    ##.....
 Poisonous Vapours        Pois/Air       #.....       100%        2    ###....
 Conjure Flame            Conj/Fire      #.......     100%        3    ####...
 Gell's Gravitas          Tloc           #.........   100%        3    ####...
 Mephitic Cloud           Conj/Pois/Air  #.......     100%        3    ####...
 Petrify                  Tmut/Erth      #.......     100%        4    #####..
 Summon Lightning Spire   Summ/Air       #.......     100%        4    #####..
 Metabolic Englaciation   Hex/Ice        #.........   100%        5    ######.
 Silence                  Hex/Air        #.........   100%        5    ######.
 Yara's Violent Unravell  Hex/Tmut       #.........   100%        5    ######.
 Conjure Ball Lightning   Conj/Air       #.........   100%        6    #######
 Deflect Missiles         Chrm/Air       #.........   100%        6    #######
 Freezing Cloud           Conj/Ice/Air   #.........   100%        6    #######
 Ring of Flames           Chrm/Fire      #.........   100%        7    #######
 Tornado                  Air            #.........   100%        9    #######


Dungeon Overview and Level Annotations

Branches:
Dungeon (15/15)            Temple (1/1) D:6            Lair (6/6) D:9
  Swamp (3/4) Lair:2       Spider (0/4) Lair:4        Slime (0/5) Lair:6
    Orc (2/2) D:9             Elf (0/3) Orc:2        Vaults (0/5) D:13
 Depths (0/5) D:15

Altars:
Ashenzari
Cheibriados
Dithmenos
Elyvilon
Fedhas
Gozag
Hepliaklqana
Kikubaaqudgha
Makhleb
Nemelex Xobeh
Okawaru
Qazlal
Ru
Sif Muna
Trog
Uskayaw
Vehumet
Wu Jian
Xom
Yredelemnul
Zin
The Shining One
Beogh

Shops:
D:4 ([(*%   D:7 =   D:9 *   D:10 *   D:15 !   Orc:1 (?[   Orc:2 :[(%


Innate Abilities, Weirdness & Mutations

You are resistant to torment.
Your stone body is resilient. (AC +12)
You are immune to poison.
Your large and strong wings let you fly indefinitely.
You resist negative energy. (rN+)
You are resistant to electric shocks. (rElec)
You can survive without breathing.
You are immune to petrification.
You are immune to rotting.


Message History

The swamp worm barely misses you.
The swamp worm bites the six-headed hydra.
The swamp drake closely misses you.
You closely miss the vampire mosquito.
The vampire mosquito is moderately damaged.
The vampire mosquito closely misses you.
You block the vampire mosquito's attack.
The six-headed hydra barely misses you. The six-headed hydra bites you!
* * * LOW HITPOINT WARNING * * *
The six-headed hydra bites you.
* * * LOW HITPOINT WARNING * * *
The six-headed hydra bites you but does no damage.
The six-headed hydra closely misses you. x2
The swamp worm bites you but does no damage.
The swamp dragon closely misses you.
The swamp dragon claws you but does no damage.
The swamp dragon tramples you but does no damage.
The four-headed hydra bites you but does no damage.
The four-headed hydra bites you.
You die...

♣ * * ≈....≈≈≈≈≈.. * , ≈ ♣
♣♣♣ ≈≈.♣ ....≈≈≈≈≈≈.♣ , ,
≈ ♣♣♣≈♣♣♣.≈.♣♣♣..≈≈≈≈≈≈≈≈♣
≈ ,
♣♣..♣♣..≈..♣♣.≈≈≈.≈≈≈≈..**
♣....♣....♣♣.≈≈≈≈.≈≈≈≈≈≈ ,
...≈.#.##..♣#≈≈≈...≈≈≈≈≈ *
≈**
†≈..≈......♣♣.....≈i.≈≈≈
**,, ≈≈
♣♣.≈......♣♣♣.†Dy≈w≈≈≈≈. *
≈ ≈≈
♣♣♣........).≈ky@D≈≈≈≈..
≈≈≈
♣.≈.#...≈≈≈.≈DwDk≈≈≈≈.., ,
≈≈
♣♣..####≈≈≈..≈≈k≈≈≈≈≈≈.≈ *
,* ≈≈ ♣....
♣≈.≈.l#...≈≈≈≈.≈ **≈ ≈
..≈≈≈.. ♣♣♣♣♣.D≈......≈♣
,,,,, * ≈≈≈≈≈≈≈≈,*
*♣..≈≈.≈≈.[.≈≈ ≈ ,***
≈≈≈≈≈≈≈≈. *♣.#≈≈.....♣≈ ,*
≈≈≈≈...≈..{,..#..♣.§≈.♣
≈,, ≈≈ ≈ ≈≈ ...#..♣≈≈≈≈♣*
, * * *


You could see a six-headed hydra, 2 five-headed hydras, a four-headed hydra, a
swamp dragon, a spriggan rider (confused), a komodo dragon, 2 swamp worms, 3
swamp drakes and 2 vampire mosquitoes.

Vanquished Creatures
  Jorgrun (D:14)
  Rupert (Lair:5)
  2 thorn hunters
  An orc warlord (Orc:2)
  The ghost of Ezab the Fighter, a journeyman MiFi of Okawaru (Lair:5)
  A dire elephant (D:15)
  A fire dragon (D:15)
  8 vault guards (D:13)
  Harold (D:11)
  16 hydras
  Erica (Lair:2)
  A shambling mangrove (Swamp:2)
  6 alligators
  2 centaur warriors
  3 death yaks (Lair:6)
  2 tengu warriors
  An orc high priest (Orc:2)
  Urug (Lair:5)
  3 unseen horrors
  A wizard (D:11)
  3 swamp dragons
  A spriggan druid (Swamp:2)
  A necromancer (Lair:6)
  2 deep elf magi
  3 orc knights
  2 oklob plants
  11 ugly things
  A wolf spider (Lair:4)
  An orc sorcerer (Orc:2)
  4 cyclopes
  6 manticores
  3 elephants (Lair:5)
  15 spiny frogs
  2 centaur zombies
  5 black mambas
  4 rime drakes
  A kobold demonologist (D:13)
  A yaktaur (D:15)
  An efreet (D:15)
  9 komodo dragons
  A queen bee (Lair:3)
  A harpy zombie (D:15)
  A tengu conjurer (D:13)
  7 trolls
  5 tyrant leeches
  4 polar bears
  Grinder (D:5)
  A wind drake (shapeshifter) (D:14)
  11 hornets
  18 blink frogs
  7 slime creatures
  7 bog bodies
  7 hippogriffs
  4 shadows
  2 wyverns
  19 spriggans
  A spriggan (shapeshifter) (D:15)
  3 wraiths
  3 redbacks (Lair:4)
  Sigmund (D:4)
  3 basilisks
  36 yaks
  12 vampire mosquitoes
  3 hungry ghosts
  A warg (Orc:2)
  7 swamp worms
  11 insubstantial wisps (Swamp:1)
  An acid dragon (D:13)
  4 water moccasins
  9 porcupines
  5 hydra simulacra (Lair:5)
  6 sky beasts
  10 ice beasts
  22 orc warriors
  3 swamp drakes
  3 phantoms
  8 ogres
  6 black bears
  41 wolves
  A black mamba simulacrum (Lair:5)
  3 boggarts (Lair:6)
  8 centaurs
  14 crocodiles
  5 big kobolds
  19 bullfrogs
  A water moccasin zombie (D:8)
  4 scorpions
  31 killer bees
  A dream sheep simulacrum (Lair:5)
  22 wights
  An electric eel (Lair:2)
  5 howler monkeys
  5 crimson imps
  7 hounds
  3 jellies
  A gnoll shaman (D:4)
  29 orc priests
  Crazy Yiuf (D:2)
  2 centaur skeletons
  24 orc wizards
  5 bullfrog skeletons
  3 iguanas
  5 polar bear simulacra (Lair:6)
  9 worker ants
  A yak simulacrum (Lair:6)
  2 wolf simulacra (Lair:6)
  A hound skeleton (D:7)
  9 gnolls
  10 adders
  3 shadow imps
  An ooze (shapeshifter) (D:13)
  2 dart slugs (D:1)
  3 leopard geckos
  100 orcs
  4 ball pythons
  7 giant cockroaches
  7 goblins
  3 hobgoblins
  10 jackals
  3 quokkas
  7 bats
  3 frilled lizards
  A giant cockroach zombie (D:5)
  28 kobolds
  A leopard gecko zombie (D:7)
  2 quokka zombies
  9 rats
  3 river rat simulacra (Lair:6)
854 creatures vanquished.

Vanquished Creatures (others)
  A rime drake (Lair:5)
  A vampire mosquito (Swamp:3)
  A briar patch (Swamp:3)
  3 fungi
  12 plants
  5 toadstools (Swamp:1)
23 creatures vanquished.

Grand Total: 877 creatures vanquished

Notes
Turn   | Place    | Note
-------+----------+-------------------------------------------
     0 | D:1      | Borgoz the Gargoyle Fighter began the quest for the Orb.
     0 | D:1      | Reached XP level 1. HP: 14/14 MP: 1/1
   204 | D:1      | Reached XP level 2. HP: 19/19 MP: 2/2
   484 | D:1      | Reached XP level 3. HP: 22/23 MP: 3/3
   788 | D:2      | Found a bloodstained altar of Trog.
   900 | D:2      | Found a sacrificial altar of Ru.
  1181 | D:2      | Found a runed translucent door.
  1182 | D:2      | Noticed Crazy Yiuf
  1188 | D:2      | Killed Crazy Yiuf
  1188 | D:2      | Reached skill level 1 in Dodging
  1188 | D:2      | Reached XP level 4. HP: 9/29 MP: 4/4
  1666 | D:3      | Found a snail-covered altar of Cheibriados.
  1802 | D:3      | Reached skill level 3 in Maces & Flails
  1802 | D:3      | Reached XP level 5. HP: 15/33 MP: 5/5
  2054 | D:4      | Found Kyuca's Assorted Antiques.
  2225 | D:4      | Noticed Sigmund
  2239 | D:4      | Killed Sigmund
  2239 | D:4      | Reached XP level 6. HP: 20/39 MP: 6/6
  2247 | D:4      | Found Xucull's Food Shop.
  2422 | D:4      | Found Zar Jaax's Antique Armour Emporium.
  2436 | D:4      | Found Ixuebbah's Antique Weapon Shop.
  2580 | D:4      | Reached XP level 7. HP: 33/44 MP: 7/7
  2614 | D:4      | Found Jotorig's Weapon Shoppe.
  3011 | D:4      | Bought a smoking morningstar for 198 gold pieces
  3011 | D:4      | Identified the +10 morningstar of Sejur {vamp, *Slow rPois
                  | Stlth+} (You bought it in a shop on level 4 of the Dungeon)
  3055 | D:5      | Entered Level 5 of the Dungeon
  3095 | D:5      | Reached skill level 5 in Armour
  3242 | D:5      | Reached skill level 5 in Fighting
  3242 | D:5      | Reached skill level 4 in Maces & Flails
  3242 | D:5      | Reached skill level 5 in Shields
  3369 | D:5      | Noticed Grinder
  3374 | D:5      | Paralysed by Grinder for 5 turns
  3381 | D:5      | Killed Grinder
  3381 | D:5      | Reached skill level 5 in Maces & Flails
  3381 | D:5      | Reached XP level 8. HP: 44/50 MP: 8/8
  3938 | D:6      | Found an iron altar of Okawaru.
  4031 | D:6      | Reached skill level 6 in Maces & Flails
  4073 | D:6      | Reached XP level 9. HP: 55/55 MP: 9/9
  4173 | D:6      | Found a staircase to the Ecumenical Temple.
  4257 | Temple   | Entered the Ecumenical Temple
  4358 | Temple   | Became a worshipper of Ashenzari the Shackled
  5071 | D:7      | Reached skill level 7 in Maces & Flails
  5707 | D:7      | Found Jiumek's Jewellery Boutique.
  5925 | D:8      | Reached * piety under Ashenzari
  6008 | D:8      | Reached skill level 8 in Maces & Flails
  6040 | D:8      | Reached XP level 10. HP: 63/63 MP: 10/10
  6043 | D:8      | Reached skill level 5 in Dodging
  6295 | D:8      | Found an ornate altar of the Wu Jian Council.
  6305 | D:8      | Found an opulent altar of Gozag.
  6307 | D:8      | Found a burning altar of Makhleb.
  6595 | D:9      | Found a staircase to the Lair.
  6608 | D:9      | Reached skill level 9 in Maces & Flails
  6777 | D:9      | Found a shimmering blue altar of Sif Muna.
  6778 | D:9      | Found a basalt altar of Yredelemnul.
  6872 | D:9      | Found Turae's General Store.
  6876 | D:9      | Bought a scroll of teleportation for 30 gold pieces
  6876 | D:9      | Bought a scroll of magic mapping for 35 gold pieces
  6917 | D:9      | Found a staircase to the Orcish Mines.
  7355 | D:10     | Entered Level 10 of the Dungeon
  7740 | D:10     | Reached ** piety under Ashenzari
  7819 | D:10     | Found Rioxzah's Serpentskin Sales.
  7993 | D:11     | Noticed a five-headed hydra
  7996 | D:11     | Reached XP level 11. HP: 67/69 MP: 11/11
  8015 | D:10     | Killed a five-headed hydra
  8015 | D:10     | Reached skill level 10 in Maces & Flails
  8185 | D:11     | Noticed a four-headed hydra
  8196 | D:11     | Killed a four-headed hydra
  8421 | D:11     | Noticed Harold
  8436 | D:11     | Noticed a brown ugly thing
  8444 | D:11     | Killed Harold
  8468 | D:11     | Noticed a wizard
  8478 | D:12     | HP: 4/106 [acid (9)]
  8485 | D:12     | Killed a brown ugly thing
  8758 | D:12     | Noticed a cyclops
  8765 | D:12     | Killed a cyclops
  8934 | D:12     | Noticed a white ugly thing
  9300 | Lair:1   | Entered Level 1 of the Lair of Beasts
  9346 | Lair:1   | Reached skill level 11 in Maces & Flails
  9817 | Lair:1   | Reached XP level 12. HP: 77/77 MP: 12/12
  9823 | Lair:1   | Noticed an eight-headed hydra
  9830 | Lair:1   | Reached skill level 10 in Armour
  9836 | Lair:1   | Killed an eight-headed hydra
  9836 | Lair:1   | Reached skill level 10 in Fighting
 10433 | Lair:2   | Reached *** piety under Ashenzari
 10442 | Lair:2   | Found a transporter.
 10547 | Lair:2   | Reached skill level 12 in Maces & Flails
 10683 | Lair:2   | Noticed a seven-headed hydra
 10684 | Lair:2   | Noticed Erica
 10691 | Lair:2   | Killed a seven-headed hydra
 10702 | Lair:2   | Killed Erica
 10771 | Lair:2   | Found a transporter.
 11129 | Lair:2   | Found a staircase to the Swamp.
 11460 | Lair:3   | Noticed an eight-headed hydra
 11467 | Lair:3   | Killed an eight-headed hydra
 11785 | Lair:3   | Reached XP level 13. HP: 79/83 MP: 13/13
 12439 | Lair:4   | Reached skill level 13 in Maces & Flails
 12518 | Lair:4   | Reached **** piety under Ashenzari
 13038 | Lair:4   | Found a hole to the Spider Nest.
 13289 | Lair:5   | Noticed Rupert
 13307 | Lair:5   | Killed Rupert
 13451 | Lair:5   | Noticed Ezab's ghost (journeyman MiFi)
 13535 | Lair:5   | Found a runed translucent gate.
 13586 | Lair:5   | Found a runed translucent gate.
 13587 | Lair:5   | Found a runed translucent gate.
 13656 | Lair:5   | Noticed Urug
 13669 | Lair:5   | Killed Urug
 13956 | Lair:6   | Entered Level 6 of the Lair of Beasts
 13979 | Lair:6   | Reached skill level 10 in Dodging
 14064 | Lair:6   | Gained mutation: Your large and strong wings let you fly
                  | indefinitely. [Gargoyle growth]
 14064 | Lair:6   | Reached XP level 14. HP: 41/90 MP: 14/14
 14232 | Lair:6   | Reached skill level 14 in Maces & Flails
 14755 | Lair:6   | Reached ***** piety under Ashenzari
 14914 | Lair:6   | Found a staircase to the Slime Pits.
 15317 | Lair:5   | Killed Ezab's ghost
 16267 | D:7      | Bought an uncursed amulet of rage for 440 gold pieces
 16572 | D:12     | Found a shimmering altar of Xom.
 17274 | D:13     | Reached XP level 15. HP: 97/97 MP: 15/15
 17293 | D:13     | Reached skill level 1 in Evocations
 17309 | D:13     | Reached skill level 15 in Maces & Flails
 17675 | D:13     | Found a gate to the Vaults.
 17957 | D:14     | Noticed Jorgrun
 17974 | D:14     | Killed Jorgrun
 18819 | D:15     | Entered Level 15 of the Dungeon
 18997 | D:15     | Found Dohogg Ibby's Distillery.
 19005 | D:15     | Bought a potion of haste for 150 gold pieces
 19005 | D:15     | Bought a potion of berserk rage for 75 gold pieces
 19005 | D:15     | Bought a potion of heal wounds for 75 gold pieces
 19213 | D:15     | Found a staircase to the Depths.
 19698 | Orc:1    | Entered Level 1 of the Orcish Mines
 19711 | Orc:1    | Found Awneneu's Magic Scroll Emporium.
 19767 | Orc:1    | Found Meathec's Armour Boutique.
 19778 | Orc:1    | Bought a scroll of teleportation for 42 gold pieces
 19778 | Orc:1    | Bought a scroll of teleportation for 42 gold pieces
 19841 | Orc:1    | Found Xalam's Antique Weapon Shoppe.
 19915 | Orc:2    | Entered Level 2 of the Orcish Mines
 20408 | Orc:2    | Found a roughly hewn altar of Beogh.
 20459 | Orc:2    | Found a staircase to the Elven Halls.
 20551 | Orc:2    | Reached XP level 16. HP: 99/104 MP: 18/18
 20651 | Orc:2    | Found a roughly hewn altar of Beogh.
 20651 | Orc:2    | Found Qeynkanua's Book Boutique.
 20763 | Orc:2    | Found a roughly hewn altar of Beogh.
 20791 | Orc:2    | Found a roughly hewn altar of Beogh.
 20830 | Orc:2    | Found a roughly hewn altar of Beogh.
 20885 | Orc:2    | Found a roughly hewn altar of Beogh.
 20913 | Orc:2    | Found Iloale's Food Emporium.
 21220 | Orc:2    | Found Weukheuj's Antique Weapon Shop.
 21221 | Orc:2    | Found a roughly hewn altar of Beogh.
 21224 | Orc:2    | Found Loshraud's Antique Armour Boutique.
 21374 | D:9      | Learned a level 1 spell: Confusing Touch
 21378 | D:9      | Learned a level 3 spell: Confuse
 21510 | Swamp:1  | Entered Level 1 of the Swamp
 21738 | Swamp:1  | Noticed a thorn hunter
 21756 | Swamp:1  | Killed a thorn hunter
 21756 | Swamp:1  | Reached skill level 16 in Maces & Flails
 22338 | Swamp:2  | Identified the +7 mace of Zupp {distort, Int+5}
 22793 | Swamp:3  | Noticed a thorn hunter
 22820 | Swamp:3  | Killed a thorn hunter
 22825 | Swamp:3  | HP: 4/104 [six-headed hydra (5)]
 22825 | Swamp:3  | Slain by a four-headed hydra

Levels and vault maps discovered:
D:1:      enne_arrival_octagon_isle, layout_loops_cross
D:2:      layout_rooms, overflow_temple_1_default, first_ration, bloody_trog,
          uniq_crazy_yiuf_cottage
D:3:      layout_basic, cheibriados_altar_1
D:4:      layout_cave_pods, serial_shops, shop, nicolae_shop_behind_doors,
          shop_statue, nicolae_shop_trees, kennysheep_little_box, uniq_sigmund
D:5:      layout_loops_ring, uniq_grinder
D:6:      layout_loops_corners, overflow_temple_1_default,
          minmay_temple_entry_nine_rooms
D:7:      layout_basic, serial_shops, nicolae_shop_behind_doors, the_bakery
D:8:      layout_gridville, grunt_temple_overflow_open
D:9:      layout_layer_cave, chequers_temple_overflow_statue_of_worship,
          david_lair_generic, orc_0_dummy, serial_shops, nicolae_shop_trees
D:10:     layout_basic, guppyfry_shop_venom
D:11:     layout_cave_pools, minmay_radiant, uniq_harold
D:12:     layout_roguey, basic_altar
D:13:     layout_irregular_city, erik_vaults_2
D:14:     layout_loops_corners, hangedman_abyss_or_decor_passed, uniq_jorgrun
D:15:     hangedman_depths_entry_try_elsewhere_first, layout_rooms,
          minmay_misc_feat_secret_circle, serial_shops, shop, serial_curves,
          eino_curves_04, eino_curves_01
Temple:   minmay_temple_curvy_branch
Lair:1:   layout_small_grid, minmay_lair_oklob_chamber, grunt_megastairs_1
Lair:2:   gammafunk_cloud_chamber, layout_regular_city,
          nicolae_swamp_entry_splash_gauntlet, lemuel_fruit_tree, uniq_erica
Lair:3:   layout_loops_ring, special_room [special_room_bee],
          small_statue_intersection
Lair:4:   layout_regular_city, spider_nest_entry_funnel_web, grunt_megastairs_5
Lair:5:   layout_regular_city, gammafunk_ghost_icy, grunt_megastairs_4,
          uniq_rupert, uniq_urug
Lair:6:   minmay_lair_end_enchanted_forest, layout_misc_corridors, slime_dummy,
          serial_bayou_lagoon_a, eino_house_with_fridge
Swamp:1:  cheibrodos_swamp_tower_of_moss, layout_basic_swamp, serial_swamp_ruin,
          evilmike_swamp_ruin_house_4, evilmike_swamp_ruin_house_1
Swamp:2:  layout_basic_swamp, evilmike_swamp_ruin_house_5
Swamp:3:  layout_basic_swamp, evilmike_swamp_ruin_house_6, swamp_pool2,
          st_swamp_mini
Orc:1:    layout_caves, serial_shops, shop, shop, shop
Orc:2:    grunt_orc_community_town_hall, layout_caves,
          grunt_orc_community_big_house_2, grunt_orc_community_big_house_1,
          grunt_orc_community_house_1, grunt_orc_community_house_3,
          grunt_orc_community_house_2, grunt_orc_community_house_2,
          grunt_orc_community_house_1

Skill      XL: |  1  2  3  4  5  6  7  8  9 10 11 12 13 14 15 16 |
---------------+-------------------------------------------------+-----
Dodging        | 1 2 3 4 5 7 8 10 11 12 | 12.7
Fighting       | 4 5 6 7 8 9 10 11 12 13 | 13.4
Maces & Flails | 3 5 6 8 9 11 12 13 14 15 16 | 16.2
Armour         | 4 5 6 7 8 9 10 11 12 13 | 13.5
Shields        | 4 5 6 7 |  7.8
Evocations     | 3 4 |  4.5

Action                   |  1- 3 |  4- 6 |  7- 9 | 10-12 | 13-15 | 16-18 || total
-------------------------+-------+-------+-------+-------+-------+-------++-------
Melee: Flail             |   147 |   182 |    45 |       |       |       ||   374
       Morningstar       |       |       |   214 |   622 |  1399 |   459 ||  2694
Throw: Throwing net      |       |       |       |     1 |       |       ||     1
Invok: Curse Item        |       |       |     1 |       |     1 |       ||     2
 Abil: Evoke Berserk Rag |       |       |       |       |     2 |       ||     2
       Fly               |       |       |       |       |     1 |       ||     1
Evoke: Wand              |       |       |       |       |     1 |       ||     1
  Use: Scroll            |       |     6 |     5 |    11 |     5 |     1 ||    28
       Potion            |       |     1 |       |     9 |       |       ||    10
 Stab: Invisible         |       |       |       |     2 |       |       ||     2
  Eat: Chunk             |     1 |     5 |    11 |    20 |    35 |     5 ||    77
       Ration            |       |       |       |       |       |     1 ||     1
Armor: Scale mail        |    88 |   124 |   170 |   490 |   394 |       ||  1266
       Skin              |       |       |       |    17 |       |       ||    17
       Plate armour      |       |       |       |       |   406 |   301 ||   707
Dodge: Dodged            |    51 |    79 |   135 |   583 |   850 |   234 ||  1932
Block: Shield            |   103 |   119 |   152 |   221 |   315 |   268 ||  1178

Table legend:
 A = Non-vault XP
 B = Vault XP
 C = Vault XP percentage of total XP
 D = Non-vault monster count
 E = Vault monster count
 F = Vault count percentage of total count
                 A         B        C        D         E       F
            +---------+---------+-------+---------+---------+-------
      Total |  110398 |   53296 |  32.6 |     636 |     219 |  25.6
            +---------+---------+-------+---------+---------+-------
        D:1 |      34 |       0 |   0.0 |      20 |       0 |   0.0
        D:2 |      33 |      40 |  54.8 |      14 |       1 |   6.7
        D:3 |     124 |       0 |   0.0 |      16 |       0 |   0.0
        D:4 |     377 |     197 |  34.3 |      20 |       1 |   4.8
        D:5 |     668 |     281 |  29.6 |      18 |       1 |   5.3
        D:6 |     681 |       0 |   0.0 |      15 |       0 |   0.0
        D:7 |    1156 |     211 |  15.4 |      36 |       1 |   2.7
        D:8 |    1959 |       0 |   0.0 |      27 |       0 |   0.0
        D:9 |    1476 |     739 |  33.4 |      21 |       4 |  16.0
       D:10 |    2059 |      16 |   0.8 |      19 |       3 |  13.6
       D:11 |    3780 |    1699 |  31.0 |      37 |       2 |   5.1
       D:12 |    1648 |     568 |  25.6 |      15 |       1 |   6.2
       D:13 |    9805 |    7956 |  44.8 |      45 |       8 |  15.1
       D:14 |    8804 |    3040 |  25.7 |      28 |       1 |   3.4
       D:15 |    8049 |    2943 |  26.8 |      32 |       4 |  11.1
     Lair:1 |    5522 |    1616 |  22.6 |      27 |       3 |  10.0
     Lair:2 |    5878 |    4940 |  45.7 |      24 |      13 |  35.1
     Lair:3 |    5386 |    1490 |  21.7 |      12 |      20 |  62.5
     Lair:4 |    1744 |    2005 |  53.5 |      12 |       8 |  40.0
     Lair:5 |    4910 |    7523 |  60.5 |      16 |      14 |  46.7
     Lair:6 |   14872 |    9970 |  40.1 |      57 |      61 |  51.7
    Swamp:1 |   10268 |    1534 |  13.0 |      29 |       1 |   3.3
    Swamp:2 |   10127 |       0 |   0.0 |      25 |       0 |   0.0
    Swamp:3 |    6397 |       0 |   0.0 |      16 |       0 |   0.0
      Orc:1 |    1753 |       0 |   0.0 |      17 |       0 |   0.0
      Orc:2 |    2888 |    6528 |  69.3 |      38 |      72 |  65.5
            +---------+---------+-------+---------+---------+-------
